 Dungeon Crawl Stone Soup version 0.31-a0-986-g5e6e4ef867 (webtiles) character file.

Game seed: 12100598418183644464

86 Persephone the Cudgeller (level 4, -2/28 HPs)
             Began as a Gargoyle Fighter on Nov 14, 2023.
             Slain by Crazy Yiuf
             ... wielding a +3 quarterstaff of chaos
              (7 damage)
             ... on level 2 of the Dungeon.
             The game lasted 00:02:28 (2313 turns).

Persephone the Cudgeller (Gargoyle Fighter)         Turns: 2313, Time: 00:02:29

Health: -2/28      AC: 10    Str: 22    XL:     4   Next: 49%
Magic:  0/4        EV:  9    Int:  8    God:
Gold:   113        SH:  4    Dex:  9    Spells: 3/3 levels left

rFire   . . .        a - +0 flail
rCold   . . .        c - +0 buckler
rNeg    + . .        b - +0 scale mail
rPois   ∞            (no helmet)
rElec   +            (no cloak)
rCorr   .            (no gloves)
SInv    .            (no boots)
Will    .....        (no amulet) Stlth
                     (no ring)
HPRegen 0.24/turn    (no ring)
MPRegen 0.09/turn

%: no passive effects
@: mighty, hasted, very quick
A: sickness immunity, AC +3, negative energy resistance 1, electricity
resistance, torment resistance 1, petrification resistance
a: no special abilities


You were on level 2 of the Dungeon.
You visited 1 branch of the dungeon, and saw 2 of its levels.

You collected 113 gold pieces.

Inventory:

Hand Weapons
 a - a +0 flail (weapon)
Armour
 b - a +0 scale mail (worn)
 c - a +0 buckler (worn)
Jewellery
 g - a +4 ring of protection
Wands
 q - a wand of mindburst (11)
Scrolls
 e - a scroll of enchant armour {unknown}
 f - a scroll of enchant weapon {unknown}
 i - 3 scrolls of identify {unknown}
 j - a scroll of teleportation {unknown}
 n - 2 scrolls of brand weapon {unknown}
 p - a scroll of fear {unknown}
Potions
 h - 2 potions of enlightenment {unknown}
 k - a potion of heal wounds {unknown}
 l - a potion of cancellation {unknown}
 m - a potion of mutation {unknown}
 o - 2 potions of curing {unknown}


   Skills:
 - Level 3.2 Fighting
 + Level 4.6 Maces & Flails
 - Level 3.2 Armour
 - Level 3.2 Shields


You had 3 spell levels left.
You didn't know any spells.
Your spell library contained the following spells:

 Spells                   Type           Power      Damage    Failure   Level
 Blink                    Tloc           0%         N/A       91%         2
 Lesser Beckoning         Tloc           0%         N/A       91%         2
 Momentum Strike          Conj/Tloc      0%         3d8       91%         2


Dungeon Overview and Level Annotations

Branches:
Dungeon (2/15)

Altars:

Annotations:
D:2 Crazy Yiuf


Innate Abilities, Weirdness & Mutations

You are immune to sickness and miasma.
Your stone body is resilient. (AC +3)
You are immune to poison.
You resist negative energy. (rN+)
You are resistant to electric shocks. (rElec)
You are resistant to unholy torment.
You are immune to petrification.


Message History

There is a large open door here.
There is an open door here.
There is an open door here.
You see here a +0 ring mail.
q - a wand of mindburst (11)
There is an open door here.
There is an open gate here.
You see here a +0 leather armour.
There is an open door here.
Auto Killed stopped - Partly explored.
Partly explored, can't reach some places.
You hit the fungus but do no damage. You hit the fungus but do no damage.
You hit the fungus.
The fungus begins to die.
The fungus is lightly damaged.
You sock the fungus!
The fungus is lightly damaged.
You hit the fungus.
The fungus is lightly damaged.
A nearby fungus withers and dies.
Found a runed translucent door.
You open the door. You barely miss Crazy Yiuf. Crazy Yiuf closely misses you.
You completely miss Crazy Yiuf.
Crazy Yiuf hits you with a +3 quarterstaff of chaos!
You hit Crazy Yiuf but do no damage.
Crazy Yiuf hits you with a +3 quarterstaff of chaos.
You feel yourself speed up.
You hit Crazy Yiuf.
Crazy Yiuf is lightly wounded.
Crazy Yiuf hits you with a +3 quarterstaff of chaos.
You feel your power leaking away.
You hit Crazy Yiuf.
Crazy Yiuf is lightly wounded.
Crazy Yiuf hits you with a +3 quarterstaff of chaos!
* * * LOW HITPOINT WARNING * * *
You feel your power leaking away.
You feel very mighty all of a sudden.
Crazy Yiuf hits you with a +3 quarterstaff of chaos!
You die...

#.#......#####....#
#.... ........##
#....# #<###
###..)..# ♣PP.P♣
#.# # ....)...####
♣...♣♣ #.# #
####.......# ♣♣.♣♣
#.# # ##.######
♣.♣♣ ###.### #.#
♣♣.♣ #.....# ###
#.# ♣.♣♣ #.#.#.#
..###'## ♣♣@♣
#.#.#.# #.##[..##
#g# ##.#.#.#
#.#.....## ...
#....#.#
#........## #...#
#..#.#.#
#.........## #..)#
#####......#
..........'# #####
#...........
....÷.....##
#####......#
''###....## ###
#.##.### [...#[..##
#.# #.####


You could see Crazy Yiuf.

Vanquished Creatures
  Jessica (D:2)
  3 adders (D:2)
  A worm (D:2)
  4 bats
  3 endoplasms
  A giant cockroach (D:1)
  A goblin (D:1)
  3 hobgoblins
  A quokka (D:1)
  4 ball pythons (D:1)
  A frilled lizard (D:1)
  5 kobolds
  5 rats
33 creatures vanquished.

Notes
Turn   | Place    | Note
-------+----------+-------------------------------------------
     0 | D:1      | Persephone the Gargoyle Fighter began the quest for the
                  | Orb.
     0 | D:1      | Reached XP level 1. HP: 14/14 MP: 1/1
   350 | D:1      | Reached XP level 2. HP: 19/19 MP: 2/2
   524 | D:1      | Reached skill level 3 in Maces & Flails
  1491 | D:2      | Reached XP level 3. HP: 23/23 MP: 3/3
  1934 | D:2      | Reached skill level 4 in Maces & Flails
  1974 | D:2      | Reached XP level 4. HP: 18/28 MP: 4/4
  1987 | D:2      | Identified the +1 leather armour of Piwyra Ugov {rPois}
  2027 | D:2      | Noticed Jessica
  2032 | D:2      | Killed Jessica
  2303 | D:2      | Found a runed translucent door.
  2304 | D:2      | Noticed Crazy Yiuf
  2313 | D:2      | Slain by Crazy Yiuf

Illustrated notes

Levels and vault maps discovered:
D:1:      dpeg_arrival_rhombus, layout_basic
D:2:      layout_loops_corners, kennysheep_generic_room_12, uniq_jessica,
          uniq_crazy_yiuf_cottage

Skill      XL: |  1  2  3 |
---------------+----------+-----
Maces & Flails | 3 4 |  4.6
Fighting       | |  3.2
Armour         | |  3.2
Shields        | |  3.2

Action                     |  1- 3 |  4- 6 || total
---------------------------+-------+-------++-------
  Melee: Flail             |    94 |    14 ||   108
    Use: Potion            |       |     1 ||     1
 Armour: Scale mail        |    60 |    10 ||    70
  Dodge: Dodged            |    46 |     1 ||    47
  Block: Buckler           |    18 |     1 ||    19

Table legend: (Time is in decaauts)
 A = Elapsed time spent in this place.
 B = Non-inter-level travel time spent in this place.
 C = Inter-level travel time spent in this place.
 D = Time resting spent in this place.
 E = Time spent auto-exploring this place.
 F = Levels seen in this place.
 G = Mean time per level.
                   A        B        C        D        E       F      G
               +--------+--------+--------+--------+--------+-----+--------+
         Total |   2348 |   2310 |     38 |      0 |   2053 |   2 | 1174.0 |
       Dungeon |   2348 |   2310 |     38 |      0 |   2053 |   2 | 1174.0 |
               +--------+--------+--------+--------+--------+-----+--------+

Top non-repeatable levels by time:
     D:1: 1365 daAuts
     D:2: 983 daAuts
